Map: Alcyone LE

Players

Geralt (Gerald) - Winner!

  • Race: Protoss Protoss
  • League: Grandmaster
  • Spawn Location: 7:00

ProtossFan (uThermal)

  • Race: Terran Terran
  • League: Grandmaster
  • Spawn Location: 1:00

Event: HomeStory Cup XXV

VOD

Have the link to the VOD?

Description

Time

  • Played on: June 21, 2024, 4:07 p.m.
  • Length: 12:31

All games in this series

Show
View Real Time Build Order
Export as new Build Order

Geralt Protoss - Winner!

Build Orders: 1 Gate Expand, Blink Stalkers 

Get SALT Encoding   

  12  0:00  Probe  
  13  0:12  Probe  
  14  0:17  Pylon  
  14  0:24  Probe (Chrono Boost)  
  16  0:37  Gateway, Probe (Chrono Boost)  
  16  0:42  Probe (Chrono Boost)  
  16  0:46  Assimilator  
  17  0:51  Probe  
  18  1:03  Probe  
  19  1:15  Probe  
  20  1:24  Cybernetics Core, Zealot  
  22  1:40  Nexus  
  22  1:44  Pylon  
  22  1:49  Probe  
  22  1:53  Assimilator  
  23  2:02  Probe  
  23  2:03  Adept (Chrono Boost)  
  23  2:07  Warp Gate  
  26  2:14  Probe  
  27  2:26  Probe  
  28  2:34  Adept (Chrono Boost)  
  29  2:38  Probe  
  30  2:47  Twilight Council  
  30  2:50  Probe  
  31  2:52  Probe  
  31  2:55  Stalker (Chrono Boost)  
  34  3:03  Probe  
  34  3:04  Probe  
  36  3:15  Probe  
  36  3:16  Shield Battery, Probe  
  38  3:23  Blink (Chrono Boost)  
  37  3:27  Probe  
  37  3:28  Probe  
  39  3:39  Probe  
  39  3:40  Probe  
  41  3:51  Probe  
  41  3:52  Probe  
  43  3:55  Robotics Facility  
  43  3:59  Pylon  
  43  4:03  Probe  
  43  4:04  Probe  
  45  4:15  Stalker, Probe  
  46  4:17  Gateway  
  46  4:18  Probe  
  46  4:20  Gateway  
  46  4:23  Pylon  
  47  4:30  Nexus  
  47  4:31  Probe  
  47  4:35  Probe  
  49  4:41  Stalker  
  49  4:43  Probe  
  49  4:44  Observer  
  53  4:47  Probe  
  53  4:48  Assimilator  
  53  4:50  Pylon  
  54  4:53  Assimilator  
  54  4:55  Shield Battery  
  54  4:58  Probe  
  55  5:02  Observer  
  55  5:05  Stalker  
  55  5:06  Probe  
  59  5:10  Probe  
  60  5:16  Forge, Robotics Bay  
  60  5:18  Probe  
  61  5:23  Stalker, Pylon  
  61  5:24  Observer  
  61  5:25  Probe  
  65  5:30  Probe  
  65  5:31  Charge  
  66  5:41  Immortal (Chrono Boost)  
  66  5:46  Probe  
  66  5:47  Protoss Ground Weapons Level 1 (Chrono Boost)  
  71  5:51  Probe  
  72  5:58  Gateway x2, Probe  
  72  6:03  Probe  
  74  6:06  Probe  
  74  6:10  Probe  
  76  6:12  Gateway x2  
  76  6:15  Probe  
  76  6:16  Stalker  
  79  6:22  Colossus (Chrono Boost)  
  85  6:27  Probe x2  
  85  6:31  Observer  
  87  6:34  Probe  
  87  6:35  Zealot x2  
  87  6:37  Pylon  
  92  6:43  Gateway  
  92  6:45  Gateway, Extended Thermal Lance  
  92  6:52  Probe  
  92  6:54  Pylon x2  
  93  6:55  Observer  
  93  6:58  Gateway  
  93  7:03  Probe  
  93  7:04  Probe  
  93  7:05  Colossus (Chrono Boost)  
  101  7:08  Photon Cannon  
  101  7:10  Pylon  
  101  7:18  Probe  
  101  7:19  Probe  
  102  7:28  Zealot x7  
  117  7:31  Probe  
  117  7:36  Probe  
  117  7:37  Assimilator, Probe  
  119  7:39  Assimilator  
  119  7:43  Stalker x2, Pylon  
  121  7:46  Pylon  
  121  7:48  Pylon  
  121  7:50  Zealot x2  
  124  7:52  Protoss Ground Weapons Level 2 (Chrono Boost)  
  122  8:01  Probe  
  123  8:07  Stalker x2  
  123  8:08  Templar Archives  
  123  8:10  Pylon x2  
  123  8:11  Colossus (Chrono Boost)  
  127  8:17  Zealot  
  135  8:29  Pylon  
  135  8:30  Probe x2  
  135  8:32  Nexus  
  137  8:40  Zealot x4  
  143  8:51  High Templar x4  
  143  8:52  High Templar  
  143  8:54  Zealot  
  143  8:55  Archon x2, Pylon  
  155  8:58  Probe x2  
  157  9:03  Pylon  
  157  9:04  Warp Prism (Chrono Boost), Pylon  
  157  9:06  High Templar  
  157  9:07  Shield Battery  
  161  9:11  Probe  
  162  9:21  Stalker x3, Zealot  
  170  9:26  Probe  
  170  9:30  Disruptor (Chrono Boost)  
  171  9:33  Gateway  
  171  9:34  Gateway  
  173  9:58  Zealot x10  
  173  9:59  Probe  
  188  10:02  Archon  
  186  10:08  Disruptor  
  176  10:19  Zealot x7  
  176  10:20  Zealot x3  
  168  10:24  Probe  
  133  10:30  Probe  
  104  10:38  Stalker x2  
  104  10:42  Colossus (Chrono Boost)  
  96  10:44  Stalker x5  
  96  10:46  Probe  
  109  10:56  High Templar x4  
  113  10:57  Probe  
  113  10:58  Probe  
  113  11:02  Zealot x3  
  113  11:03  Assimilator  
  121  11:05  Archon  
  121  11:06  Archon  
  121  11:10  Shield Battery  
  121  11:11  Gateway  
  121  11:17  Probe  
  121  11:18  Probe  
  121  11:20  Probe  
  121  11:21  Robotics Facility  
  121  11:25  Zealot x2, Colossus (Chrono Boost)  
  128  11:34  Probe  
  128  11:36  Zealot x7  
  128  11:37  Zealot  
  145  11:40  Probe  
  145  11:44  Assimilator  
  146  11:51  Nexus  
  146  11:53  Pylon  
  146  11:55  High Templar x4  
  154  12:02  Archon x2  
  154  12:03  Zealot x6  
  162  12:10  Stalker x3  
  160  12:26  Stalker x6  
  160  12:29  Stalker x2  
Show
View Real Time Build Order
Export as new Build Order

ProtossFan Terran 

Build Orders: Gas First Reaper Expand 

Get SALT Encoding   

  12  0:00  SCV  
  13  0:12  SCV  
  14  0:16  Supply Depot  
  14  0:24  SCV  
  14  0:28  Refinery  
  15  0:38  SCV  
  16  0:44  Barracks  
  16  0:50  SCV  
  17  1:02  SCV  
  18  1:14  SCV  
  18  1:16  Engineering Bay  
  19  1:31  Orbital Command, Reaper  
  20  1:44  Bunker  
  20  1:57  Command Center  
  20  1:59  SCV  
  21  2:11  SCV  
  22  2:23  SCV  
  22  2:25  Barracks Reactor  
  22  2:27  Factory  
  22  2:30  Supply Depot  
  22  2:35  SCV  
  22  2:36  Refinery  
  23  2:41  Barracks  
  23  2:53  SCV  
  24  3:03  Marine x2  
  24  3:05  SCV  
  26  3:08  Orbital Command  
  26  3:10  Cyclone  
  28  3:17  SCV  
  29  3:21  Marine x2  
  31  3:29  SCV  
  31  3:30  Barracks Tech Lab  
  31  3:34  SCV  
  33  3:40  Marine x2  
  35  3:41  SCV  
  35  3:45  Orbital Command, Factory Tech Lab  
  35  3:51  Marine  
  35  3:53  Stimpack  
  35  3:55  SCV  
  35  3:58  Marine x2  
  38  4:07  SCV  
  37  4:11  Marine  
  37  4:12  Siege Tank  
  37  4:13  SCV  
  37  4:15  Supply Depot  
  42  4:18  Marine x2  
  42  4:21  SCV  
  45  4:25  SCV  
  45  4:26  Bunker  
  45  4:29  Supply Depot  
  46  4:36  Marine  
  46  4:37  SCV, Marauder  
  46  4:38  SCV, Marine  
  52  4:50  Siege Tank  
  52  4:52  Supply Depot  
  55  4:54  Marine  
  55  4:55  SCV  
  55  4:58  Engineering Bay  
  55  4:59  Marine x2  
  59  5:00  SCV  
  60  5:07  SCV  
  60  5:11  Barracks  
  60  5:12  Marine  
  60  5:13  SCV  
  63  5:17  Marine, Reaper  
  63  5:18  Supply Depot  
  63  5:19  SCV  
  66  5:25  SCV  
  66  5:27  Starport  
  66  5:28  Terran Infantry Weapons Level 1  
  67  5:30  Factory Reactor  
  67  5:32  SCV, Refinery  
  68  5:37  Marine x2  
  68  5:39  Combat Shield  
  68  5:40  SCV  
  71  5:43  Refinery  
  71  5:44  SCV  
  71  5:46  Supply Depot  
  71  5:49  Marauder  
  73  5:54  SCV  
  73  5:55  Supply Depot  
  73  5:56  SCV, Marine x2  
  77  6:04  Concussive Shells  
  77  6:06  SCV  
  77  6:07  Supply Depot  
  77  6:08  Marauder  
  77  6:10  SCV  
  81  6:11  Supply Depot, Marine  
  81  6:14  Medivac  
  81  6:16  Medivac  
  86  6:20  SCV  
  86  6:21  Supply Depot, Marine  
  86  6:22  Marine  
  86  6:24  SCV  
  89  6:29  Marauder  
  89  6:32  SCV  
  92  6:35  Marauder  
  92  6:37  Supply Depot  
  94  6:51  Marine, Command Center  
  94  6:52  Marine, Marauder  
  96  6:57  Factory Reactor  
  96  6:58  Marine  
  96  6:59  Medivac  
  99  7:03  Medivac  
  101  7:09  Marine  
  101  7:12  Barracks  
  101  7:14  Barracks  
  102  7:17  Marine  
  102  7:18  SCV, Marauder x2  
  102  7:20  SCV  
  109  7:24  Terran Infantry Armor Level 1  
  109  7:27  Supply Depot, Marine  
  110  7:30  Medivac  
  110  7:33  Medivac  
  110  7:35  Marine  
  110  7:36  SCV  
  116  7:38  Supply Depot  
  116  7:39  Marine, Widow Mine x2  
  116  7:41  Marine  
  122  7:45  SCV  
  122  7:48  SCV  
  124  7:52  Marine  
  124  7:57  SCV, Marauder  
  128  8:00  Barracks Tech Lab x2  
  128  8:01  Supply Depot  
  128  8:03  Marine, Marauder, Widow Mine  
  134  8:15  Missile Turret  
  134  8:16  SCV, Viking x2  
  134  8:19  SCV  
  138  8:21  Marauder  
  138  8:25  Marauder  
  142  8:32  Ghost Academy  
  141  8:39  Marauder x2  
  145  8:42  Orbital Command  
  145  8:46  Viking  
  145  8:47  Viking  
  149  8:53  Marauder x2  
  152  9:02  Ghost x2  
  152  9:05  Supply Depot  
  152  9:09  Marine  
  157  9:14  Ghost x2  
  161  9:18  Marine, Viking  
  161  9:22  Supply Depot  
  161  9:23  Supply Depot  
  164  9:27  Marine, Viking  
  167  9:32  Marauder x2  
  167  9:36  Marine  
  172  9:43  Marauder x2  
  170  9:49  Viking  
  168  9:56  Viking  
  165  10:02  Marine  
  165  10:03  Marauder  
  125  10:25  Viking  
  97  10:33  Marine  
  97  10:34  Marine, Marauder  
  97  10:35  Marauder  
  83  10:39  Marine  
  83  10:40  Marauder  
  77  10:44  SCV  
  77  10:45  SCV  
  76  10:51  SCV, Marine  
  76  10:52  Marine  
  76  10:55  Marauder  
  76  10:56  Marauder  
  84  10:57  Marine, Liberator  
  84  10:58  Liberator  
  84  11:01  Marauder  
  84  11:02  SCV, Widow Mine x2  
  84  11:03  SCV x2  
  95  11:09  Marine  
  95  11:10  Marine  
  97  11:15  Marauder  
  97  11:17  Ghost, Marauder  
  102  11:19  SCV  
  102  11:22  Marine  
  102  11:23  Widow Mine x2  
  102  11:25  SCV x2  
  110  11:27  Marine  
  110  11:30  Marine  
  112  11:33  Missile Turret  
  112  11:36  Marauder  
  112  11:38  Marauder  
  116  11:40  Marine, Liberator  
  116  11:41  Liberator  
  116  11:45  Marine, Widow Mine x2  
  116  11:46  Marine  
  129  11:48  Marine  
  130  11:57  Marine x2  
  130  11:59  Marine  
  131  12:02  Marine  
  131  12:04  Marauder  
  134  12:09  Marine  
Tags
 
Add a new tag
Caveats
  • Supply blocks, unpowered buildings, or Contaminate may cause inaccurate times.
  • Supply counts are checked every 10 seconds.